 Dungeon Crawl Stone Soup version 0.29.0-11-gd7f09526c8 (webtiles) character file.

Game seed: 2704146849259265120

14 blackman the Sneak (level 2, 0/25 HPs)
             Began as a Demonspawn Delver on Sept 3, 2022.
             Slain by Sigmund
             ... wielding a +0 vorpal scythe
              (1 damage)
             ... on level 3 of the Dungeon.
             The game lasted 00:02:23 (751 turns).

blackman the Sneak (Demonspawn Delver)               Turns: 751, Time: 00:02:24

Health: 0/25       AC:  4    Str: 12    XL:     2   Next: 31%
Magic:  2/2        EV: 11    Int: 11    God:
Gold:   15         SH:  0    Dex: 14    Spells: 1/1 levels left

rFire   . . .      SeeInvis .   a - +0 short sword
rCold   . . .      Faith    .   (no shield)
rNeg    . . .      Spirit   .   b - +0 leather armour
rPois   .          Reflect  .   e - +0 helmet
rElec   .          Harm     .   (no cloak)
rCorr   .          Rampage  .   (no gloves)
Will    .....                   (no boots)
Stlth   ++........              (no amulet)
HPRegen 0.08/turn               (no ring)
MPRegen 0.08/turn               (no ring)

@: invisible
A: ignite blood 1
a: no special abilities


You were on level 3 of the Dungeon.
You visited 1 branch of the dungeon, and saw 3 of its levels.

You collected 15 gold pieces.

Inventory:

Hand Weapons
 a - a +0 short sword (weapon)
Armour
 b - a +0 leather armour (worn)
 e - a +0 helmet (worn)
Wands
 g - a wand of digging (2)
Scrolls
 c - a scroll of fog
Potions
 d - a potion of invisibility


   Skills:
 * Level 3.8 Fighting
 - Level 1.7 Short Blades
 - Level 1.7 Dodging
 - Level 4.5 Stealth


You had one spell level left.
You didn't know any spells.
Your spell library was empty.

Dungeon Overview and Level Annotations

Branches:
Dungeon (5/15)
 Temple: D:4-7

Altars:

Shops:
D:5 :

Annotations:
D:3 Sigmund
D:5 Blork the orc


Innate Abilities, Weirdness & Mutations

Your demonic aura sometimes causes spilled blood to erupt in flames.


Message History

You puncture Sigmund!
Sigmund is moderately wounded.
The rat bites you.
You hit Sigmund but do no damage.
Sigmund is moderately wounded.
The rat completely misses you. Sigmund closely misses you.
You hit Sigmund.
Sigmund is moderately wounded.
The rat misses you.
You catch the helpless Sigmund completely off-guard!
You hit Sigmund.
Sigmund is severely wounded.
Sigmund hits you with a +0 vorpal scythe.
The rat barely misses you.
You barely miss Sigmund.
Sigmund is severely wounded.
The rat bites you.
Sigmund points at you and mumbles some strange words.
You resist with significant effort.
You hit Sigmund.
Sigmund is severely wounded.
The rat barely misses you.
Sigmund hits you with a +0 vorpal scythe.
* * * LOW HITPOINT WARNING * * *
x2 You closely miss Sigmund.
Sigmund is severely wounded.
The rat barely misses you.
You hit Sigmund.
Sigmund is almost dead.
Sigmund casts a spell.
Sigmund flickers and vanishes!
Deactivating autopickup; reactivate with Ctrl-A.
The rat bites you but does no damage.
You completely miss something. Something hits you but does no damage.
The rat misses you.
You barely miss something. The rat barely misses you.
The kobold throws a stone.
The stone hits you but does no damage. Something hits you.
* * * LOW HITPOINT WARNING * * *
You die...

#. ##
..####.####.
.#....r.##..
..#........#
....##.##r#
#.....##@#
###...#.##{#
##.........K#
#.......@#### #
#.#.#.#K##
#.#.......#######
....#.#.#........
#.......##.####
.#.#.#.#.##....


You could see a kobold (unable to see you) and a rat (unable to see you).

Vanquished Creatures
  An adder (D:4)
  An orc (D:3)
  A giant cockroach (D:3)
  A hobgoblin (D:4)
4 creatures vanquished.

Notes
Turn   | Place    | Note
-------+----------+-------------------------------------------
     0 | D:5      | blackman the Demonspawn Delver began the quest for the Orb.
     0 | D:5      | Reached XP level 1. HP: 18/18 MP: 1/1
    42 | D:5      | Noticed a hound
    77 | D:5      | Found Woylef's Book Shoppe.
    78 | D:5      | Noticed Blork the orc
    83 | D:4      | Noticed a scorpion
   154 | D:4      | Gained mutation: Your demonic aura sometimes causes spilled
                  | blood to erupt in flames. [demonic ancestry]
   154 | D:4      | Reached XP level 2. HP: 6/24 MP: 2/2
   720 | D:3      | Noticed Sigmund
   751 | D:3      | HP: 1/25 [something (3)]
   751 | D:3      | Slain by Sigmund

Illustrated notes

Levels and vault maps discovered:
D:3:      layout_loops_cross, chequers_ecumenical_altar_simple,
          serial_co_window_serial, co_window_paths_b,
          co_window_of_opportunity_a, co_window_paths_a, co_window_paths_a,
          co_window_paths_a, co_window_cross_2, co_window_paths_c,
          co_window_paths_c, co_window_paths_c, co_window_corner_cb,
          co_window_broadway_b, co_window_sun, glass_columns_b, glass_columns_a,
          glass_columns_b, minmay_joined_circles, uniq_sigmund, uniq_robin
D:4:      layout_basic, minmay_temple_entry_wispy
D:5:      layout_gridville, mainiacjoe_overflow_surrounded_room, led_xom_imps,
          nicolae_stop_n_shop_1, mrwooster_statue_mirror, uniq_blork_the_orc,
          uniq_duvessa

Action                   || total
-------------------------++-------
Melee: Short sword       ||    35
       Punch             ||     1
Evoke: Wand              ||     1
  Use: Scroll            ||     2
       Potion            ||     2
 Stab: Invisible         ||     2
       Sleeping          ||     1
Armor: Leather armour    ||    12
Dodge: Dodged            ||    23
